 Dungeon Crawl Stone Soup version 0.28-a0-519-gbfeecf2fc5 (webtiles) character file.

Game seed: 2488227087783164212

339 dracfodder the Digger (level 6, 0/32 HPs)
             Began as a Gargoyle Earth Elementalist on Sept 24, 2021.
             Slain by a wyvern zombie (6 damage)
             ... on level 5 of the Dungeon.
             The game lasted 00:23:59 (4587 turns).

dracfodder the Digger (Gargoyle Earth Elementalist) Turns: 4587, Time: 00:24:01

Health: 0/32       AC:  9    Str:  8 (10) XL:     6   Next: 55%
Magic:  8/13       EV: 12    Int: 14 (17) God:
Gold:   232        SH:  0    Dex:  9 (10) Spells: 5/15 levels left

rFire   . . .      SeeInvis +   w - +0 mace (holy)
rCold   + . .      Faith    .   (no shield)
rNeg    + . .      Spirit   .   b - +0 robe
rPois   ∞          Reflect  .   s - +0 helmet
rElec   +          Harm     .   (no cloak)
rCorr   .          Rampage  .   (no gloves)
Will    +....                   m - +1 pair of boots
Stlth   ++........              (no amulet)
HPRegen 0.10/turn               j - ring of wizardry
MPRegen 0.13/turn               p - ring "Baptou" {rC+ Will+ SInv}

@: no status effects
A: sickness immunity, AC +4, negative energy resistance 1, electricity
resistance, torment resistance 1, petrification resistance, passive freeze, weak
1, evolution 1
a: no special abilities


You were on level 5 of the Dungeon.
You visited 1 branch of the dungeon, and saw 6 of its levels.

You collected 232 gold pieces.

Inventory:

Hand Weapons
 f - a +0 hunting sling
 g - a +0 dagger of speed
 w - a +0 mace of holy wrath (weapon)
Missiles
 c - 51 stones
 d - 49 sling bullets
 e - 91 arrows
 l - 11 poisoned darts
 o - 10 javelins
 t - 62 bolts
 x - 5 boomerangs
Armour
 b - a +0 robe (worn)
 m - a +1 pair of boots (worn)
 s - a +0 helmet (worn)
Jewellery
 j - a ring of wizardry (left hand)
 p - the ring "Baptou" (right hand) {rC+ Will+ SInv}
   (You acquired it on level 3 of the Dungeon)

   [ring of protection from cold]

   rC:        It protects you from cold.
   SInv:      It lets you see invisible.
   Will:      It increases your willpower.
 v - a ring of willpower
Scrolls
 y - a scroll of fog
Potions
 a - a potion of resistance
 h - a potion of haste
 i - 4 potions of curing
 k - 2 potions of mutation
 n - a potion of ambrosia {unknown}
 z - a potion of magic


   Skills:
 + Level 0.1 Fighting
 + Level 0.3 Short Blades
 + Level 1.8 Dodging
 + Level 2.5 Stealth
 * Level 5.0 Spellcasting
 + Level 0.3 Conjurations
 + Level 0.7 Transmutations
 + Level 5.2 Earth Magic
 + Level 0.7 Evocations


You had 5 spell levels left.
You knew the following spells:

 Your Spells              Type           Power      Damage    Failure   Level
a - Sandblast             Erth           36%        2d10      1%          1
b - Magic Dart            Conj           16%        1d3       6%          1
c - Passwall              Tmut/Erth      9%         N/A       3%          2
d - Stone Arrow           Conj/Erth      22%        3d8       7%          3
e - Mephitic Cloud        Conj/Pois/Air  3%         N/A       21%         3

Your spell library contained the following spells:

 Spells                   Type           Power      Damage    Failure   Level
 Call Imp                 Summ           3%         N/A       11%         2
 Ensorcelled Hibernation  Hex/Ice        6%         N/A       11%         2
 Tukima's Dance           Hex            3%         N/A       21%         3
 Petrify                  Tmut/Erth      11%        N/A       21%         4


Dungeon Overview and Level Annotations

Branches:
Dungeon (6/15)
 Temple: D:4-7

Altars:
Ru
Vehumet

Shops:
D:5 ?


Innate Abilities, Weirdness & Mutations

You are immune to sickness and miasma.
Your stone body is resilient. (AC +4)
You are immune to poison.
You resist negative energy. (rN+)
You are resistant to electric shocks. (rElec)
You are resistant to unholy torment.
You are immune to petrification.
A frigid envelope surrounds you and freezes all who hurt you.
You are weak. (Str -2)
You have hidden genetic potential.


Message History

The blast of sand hits the wyvern zombie!
The wyvern zombie is moderately damaged.
c - 53 stones
Casting: Sandblast (safe; 1% risk of failure)
Confirm with . or Enter, or press ? or * to list all spells.
Aiming: Sandblast (safe; 1% risk of failure)
Press: ? - help, Shift-Dir - straight line, f/p - wyvern zombie
Aim: a wyvern zombie (moderately damaged, 93% to hit)
The blast of sand hits the wyvern zombie!
The wyvern zombie is heavily damaged.
c - 52 stones The wyvern zombie closely misses you.
You hit the wyvern zombie but do no damage.
The wyvern zombie is heavily damaged.
The wyvern zombie bites you but does no damage.
The wyvern zombie resists.
The wyvern zombie is very cold.
The wyvern zombie is heavily damaged.
The wyvern zombie bites you!
The wyvern zombie completely resists.
You hit the wyvern zombie.
The wyvern zombie convulses.
The wyvern zombie is heavily damaged.
The wyvern zombie misses you.
Your magical contamination has completely faded away.
You hit the wyvern zombie.
The wyvern zombie convulses.
The wyvern zombie is severely damaged.
The wyvern zombie bites you!
The wyvern zombie resists.
The wyvern zombie is very cold.
The wyvern zombie is severely damaged.
The wyvern zombie bites you!
* * * LOW HITPOINT WARNING * * *
The wyvern zombie resists.
The wyvern zombie is very cold.
The wyvern zombie is severely damaged.
Casting: Sandblast (safe; 1% risk of failure)
Confirm with . or Enter, or press ? or * to list all spells.
Aiming: Sandblast (safe; 1% risk of failure)
Press: ? - help, Shift-Dir - straight line, f/p - wyvern zombie
Aim: a wyvern zombie (severely damaged, 93% to hit)
The blast of sand misses the wyvern zombie.
c - 51 stones The wyvern zombie bites you.
You die...

,,******,*****###.?.!..÷....#....
,,*,,,,,,.............#..##...#.#
,,,,,,,,,......##......#.##.###.#
,,,,,,,,,...>...#......#....###.#
*,,,,,,,,.......#.........#§##§§#
*,,,,,,,,.......#.......#..§.§§##
*,,,,,,,,.......#.......####§§§.#
*,,,,,,,,......Z##.####....§§.§.#
,,,,,,,,,.......@..# ########§..
,*,,,,,,,.......#### ####
***,,,,,,...[.##* *******######
**,,,,*####** *****,,,,,,......
*,**** *,,,,,*****###### ***,*
****,***** **,,,* ***,,,,*
,,,***** ***,,,****
,***,,,***,,,***


You could see a wyvern zombie.

Vanquished Creatures
  An ogre (D:4)
  A centaur zombie (D:4)
  2 hounds
  An iguana (D:5)
  An orc wizard (D:4)
  A hound skeleton (D:5)
  4 adders
  An ufetubus (D:4)
  An adder skeleton (D:4)
  A worm (D:3)
  A dart slug (D:3)
  8 orcs
  4 ball pythons
  6 endoplasms
  3 giant cockroaches
  2 goblins (D:2)
  A hobgoblin (D:1)
  5 kobolds
  2 quokkas
  4 bats
  4 frilled lizards
  4 rats
58 creatures vanquished.

Notes
Turn   | Place    | Note
-------+----------+-------------------------------------------
     0 | D:1      | dracfodder the Gargoyle Earth Elementalist began the quest
                  | for the Orb.
     0 | D:1      | Reached XP level 1. HP: 10/10 MP: 3/3
   405 | D:1      | Found a faded altar of an unknown god.
   411 | D:1      | Reached XP level 2. HP: 15/15 MP: 3/5
   677 | D:1      | You fall into a shaft and drop 1 floor!
  1468 | D:2      | Learned a level 1 spell: Magic Dart
  1471 | D:2      | Learned a level 2 spell: Passwall
  1520 | D:2      | Reached XP level 3. HP: 17/19 MP: 2/7
  2129 | D:3      | Reached XP level 4. HP: 24/24 MP: 0/8
  2408 | D:3      | Found a sacrificial altar of Ru.
  2567 | D:3      | Found a radiant altar of Vehumet.
  2693 | D:5      | Entered Level 5 of the Dungeon
  2728 | D:3      | Identified a scroll of acquirement
  2728 | D:3      | Acquired the ring "Baptou" {rC+ Will+ SInv}
  3200 | D:4      | Reached XP level 5. HP: 26/28 MP: 5/10
  3268 | D:5      | Found Qazen's Magic Scroll Shop.
  3578 | D:4      | Noticed an ogre
  3582 | D:4      | Killed an ogre
  3583 | D:4      | Reached skill level 5 in Earth Magic
  3583 | D:4      | Reached XP level 6. HP: 32/32 MP: 7/13
  3591 | D:4      | Learned a level 3 spell: Stone Arrow
  3595 | D:4      | Learned a level 3 spell: Mephitic Cloud
  4289 | D:5      | Gained mutation: A frigid envelope surrounds you and
                  | freezes all who hurt you. [potion of mutation]
  4289 | D:5      | Gained mutation: You are weak. (Str -2) [potion of
                  | mutation]
  4289 | D:5      | Gained mutation: You have hidden genetic potential. [potion
                  | of mutation]
  4330 | D:5      | Reached skill level 5 in Spellcasting
  4587 | D:5      | Slain by a wyvern zombie

Illustrated notes

Levels and vault maps discovered:
D:1:      dpeg_arrival_lava_temple_mockup, layout_loops_ring,
          basic_ecumenical_altar, minmay_lizard_pond
D:2:      layout_loops_ring, minmay_misc_feat_tower, grunt_ministairs_13,
          kennysheep_path_1, minmay_split_cup_large
D:3:      layout_basic, hangedman_ru_absence, nicolae_vehumet_radiance,
          chequers_serial_rivers_micro_b, chequers_serial_rivers_small_3,
          minmay_misc_feat_columns
D:4:      minmay_opposing_rooms, layout_basic
D:5:      layout_rooms, lemuel_zombie_altar_yredelemnul, nicolae_stop_n_shop_2
D:6:      kennysheep_slugbush, layout_layer_cave,
          minmay_temple_entry_large_hall, chequers_serial_rivers_small_3,
          due_unseen_surprise

Skill      XL: |  1  2  3  4  5  6 |
---------------+-------------------+-----
Earth Magic    | 4 5 |  5.2
Spellcasting   | 3 4 5 |  5.0
Fighting       | |  0.1
Short Blades   | |  0.3
Dodging        | |  1.8
Stealth        | |  2.5
Conjurations   | |  0.3
Transmutations | |  0.7
Evocations     | |  0.7

Action                   |  1- 3 |  4- 6 || total
-------------------------+-------+-------++-------
Melee: Dagger            |    13 |     2 ||    15
       Mace              |       |     4 ||     4
 Fire: Hunting sling     |     1 |       ||     1
 Cast: Sandblast         |    30 |    47 ||    77
       Magic Dart        |     5 |    23 ||    28
       Stone Arrow       |       |     2 ||     2
       Mephitic Cloud    |       |     1 ||     1
Evoke: Wand              |       |    16 ||    16
  Use: Scroll            |     3 |     7 ||    10
       Potion            |       |     6 ||     6
Armor: Robe              |     9 |     8 ||    17
Dodge: Dodged            |     9 |    17 ||    26

Table legend: (Time is in decaauts)
 A = Elapsed time spent in this place.
 B = Non-inter-level travel time spent in this place.
 C = Inter-level travel time spent in this place.
 D = Time resting spent in this place.
 E = Time spent auto-exploring this place.
 F = Levels seen in this place.
 G = Mean time per level.
                   A        B        C        D        E       F      G
               +--------+--------+--------+--------+--------+-----+--------+
         Total |   4583 |   4398 |    185 |    779 |   2873 |   6 |  763.8 |
       Dungeon |   4583 |   4398 |    185 |    779 |   2873 |   6 |  763.8 |
               +--------+--------+--------+--------+--------+-----+--------+

Top non-repeatable levels by time:
     D:3: 1172 daAuts
     D:4: 1138 daAuts
     D:1: 1075 daAuts
     D:2: 854 daAuts
     D:5: 339 daAuts
     D:6: 1 daAuts
